 Dungeon Crawl Stone Soup version 0.18-a0-1811-g3a71842 (webtiles) character file.

233 Minkie the Covered (level 5, 0/46 HPs)
             Began as a Deep Dwarf Fighter on Apr 26, 2016.
             Killed by divine providence
             ... invoked by an orc priest
              (11 damage)
             ... on level 3 of the Dungeon.
             The game lasted 00:09:17 (1471 turns).

Minkie the Covered (Deep Dwarf Fighter)             Turns: 1471, Time: 00:09:17

Health: 0/46       AC: 15    Str: 19    XL:     5   Next: 74%
Magic:  7/7        EV:  5    Int:  9    God:
Gold:   54         SH:  9    Dex: 13    Spells: 0 memorised, 4 levels left

rFire  . . .     SeeInvis .     t - +1 flail (protect)
rCold  . . .     Gourm    .     p - +0 chain mail
rNeg   . . .     Faith    .     c - +0 shield
rPois  .         Spirit   .     (no helmet)
rElec  .         Dismiss  .     u - +0 cloak
rCorr  .         Reflect  .     (no gloves)
SustAt .         Harm     .     (no boots)
MR     .....                    (no amulet)
Stlth  ..........               (no ring)
                                (no ring)

@: non-regenerating, not resistant to hostile enchantments, extremely unstealthy
A: damage resistance, recharge devices, sense surroundings 1, slow regeneration
3
a: Device Recharging


You were on level 3 of the Dungeon.
You were not hungry.

You visited 1 branch of the dungeon, and saw 3 of its levels.

You collected 54 gold pieces.

Inventory:

Hand Weapons
 t - a +1 flail of protection (weapon)
Missiles
 l - 6 tomahawks (quivered)
Armour
 c - a +0 shield (worn)
 p - a +0 chain mail (worn)
 u - a +0 cloak (worn)
Rods
 a - a +1 rod of ignition (13/13)
   (You found it on level 3 of the Dungeon)
Jewellery
 i - an uncursed amulet of harm
 m - an uncursed amulet of rage
Wands
 e - a wand of heal wounds (2/9)
Scrolls
 g - a scroll of remove curse {unknown}
 k - a scroll of identify {unknown}
 n - a scroll of immolation {unknown}
 r - a scroll of amnesia {unknown}
 s - a scroll of fog {unknown}
Potions
 b - a potion of mutation {unknown}
 d - a potion of flight {unknown}
 j - 3 potions of curing {unknown}
 o - a potion of ambrosia {unknown}
 q - a potion of agility {unknown}
Comestibles
 f - a bread ration


   Skills:
 - Level 2.6 Fighting
 * Level 4.1 Maces & Flails
 + Level 4.2 Armour
 + Level 4.2 Shields
 + Level 3.3 Evocations


You had 4 spell levels left.
You didn't know any spells.

Dungeon Overview and Level Annotations

Branches:
Dungeon (3/15)

Altars:
Ashenzari
Okawaru


Innate Abilities, Weirdness & Mutations

You are resistant to damage.
You can recharge devices by infusing magical energy.
You passively map a small area around you.
You do not regenerate naturally.


Message History

The orc priest calls upon Beogh to heal the orc.
The orc is healed somewhat.
You block the orc's attack.
You hit the orc.
The orc is heavily wounded.
You are no longer poisoned.
You block the orc's attack. The orc hits you with a short sword.
You hit the orc.
The orc is almost dead.
The orc closely misses you.
You hit the orc.
You kill the orc!
You hit the orc priest.
The orc priest is lightly wounded.
The orc priest hits you but does no damage.
The orc priest looks braver for a moment.
You closely miss the orc priest.
The orc priest is lightly wounded.
The orc priest calls down the wrath of Beogh upon you.
Beogh smites you!
You die...

* , * #...#*.>.# #.
# o###...###..####*
# ,
oo.............##.*#
* * ,#.o.#...##....
# * ##............ #
* #o.#..#......## ,
#.......####...
#####.#........###.
#.@oh.....####.# ##
* #.##h....## .####
#. #.....# ..... <.
#.....########.. ,
*###
#...........#...
#..(..#####.#... * *
#.....# #.....
#.....########..
##........# ##..


You could see an orc priest and 2 jackals.

Vanquished Creatures
  Crazy Yiuf (D:3)
  Terence (D:2)
  A worker ant (D:3)
  3 gnolls (D:2)
  5 adders
  A worm (D:2)
  4 dart slugs
  2 giant geckos
  7 orcs (D:3)
  3 giant cockroaches (D:2)
  3 goblins
  9 hobgoblins
  8 jackals (D:2)
  6 bats
  2 giant newts (D:1)
  5 kobolds
  5 rats
66 creatures vanquished.

Notes
Turn   | Place    | Note
--------------------------------------------------------------
     0 | D:1      | Minkie the Deep Dwarf Fighter began the quest for the Orb.
     0 | D:1      | Reached XP level 1. HP: 20/20 MP: 1/1
   123 | D:1      | Reached XP level 2. HP: 25/27 MP: 2/2
   454 | D:2      | Reached skill level 1 in Evocations
   493 | D:2      | Reached XP level 3. HP: 21/33 MP: 3/3
   517 | D:2      | Found an iron altar of Okawaru.
   693 | D:2      | Noticed Terence
   700 | D:2      | Killed Terence
   700 | D:2      | Reached XP level 4. HP: 40/40 MP: 5/5
   753 | D:2      | Found a shattered altar of Ashenzari.
  1008 | D:2      | Reached XP level 5. HP: 15/46 MP: 7/7
  1287 | D:3      | Identified a +1 rod of ignition (13/13) (You found it on level 3 of the Dungeon)
  1323 | D:3      | Noticed Crazy Yiuf
  1332 | D:3      | Killed Crazy Yiuf
  1471 | D:3      | Killed from afar by an orc priest

Vault maps used:
D:1:      lightli_arrival_maybe_door_vault
D:2:      nicolae_ashenzari_panopticon, hangedman_decor_lopped,
          okawaru_ov_weapons_minmay, uniq_terence
D:3:      uniq_crazy_yiuf_cottage

Skill      XL: |  1  2  3  4  5 |
---------------+----------------+-----
Evocations     | 1 2 3 |  3.3
Maces & Flails | 3 4 |  4.1
Armour         | 4 |  4.2
Shields        | 4 |  4.2
Fighting       | |  2.6

Action                   |  1- 3 |  4- 6 || total
-------------------------+-------+-------++-------
Melee: Flail             |   120 |   186 ||   306
Throw: Tomahawk          |       |     1 ||     1
Evoke: Wand              |     1 |     2 ||     3
  Use: Potion            |     1 |       ||     1
  Eat: Chunk             |       |     3 ||     3
Armor: Scale mail        |    51 |       ||    51
       Chain mail        |       |    81 ||    81
Dodge: Dodged            |    35 |    31 ||    66
Block: Shield            |    59 |   106 ||   165
